[Event "SS Manhem Chess Week 2022: Goteborg Open"]
[Site "Schackcentrum, Vegagatan 20, Gothenburg, Sweden"]
[Date "2022.08.14"]
[Round "8.5"]
[White "Pettersson, Anders"]
[Black "Ottgard, Andreas"]
[Result "1-0"]
[TimeControl "15 minutes + 5 seconds per move from move one (Round 1 - 4) / 90 minutes + 30 seconds per move from move one (Round 5 - 8)"]
[WhiteFideId "1715143"]
[BlackFideId "1730592"]
[WhiteElo "2042"]
[BlackElo "1883"]

1. d4 Nf6 2. c4 c5 3. d5 e6 4. Nc3 exd5 5. cxd5 d6 6. e4 g6 7. h3 Bg7 8. Nf3 O-O 9. Bd3 Nh5 10.
g4 Nf6 11. Bg5 Re8 12. Qc2 Na6 13. Bxa6 bxa6 14. Nd2 Rb8 15. O-O-O Qc7 16. f4 Nd7 17. e5 dxe5 18. f5 f6 19.
Be3 g5 20. Nde4 Bb7 21. h4 h6 22. hxg5 hxg5 23. Qh2 Qb6 24. Rd2 Re7 25. Qh7+ Kf8 26. Qg6 Rf7 27. Rh7 Qb4 28. Rdh2 Bxd5 29.
Rh8+ 1-0

[Event "SS Manhem Chess Week 2022: Goteborg Open"]
[Site "Schackcentrum, Vegagatan 20, Gothenburg, Sweden"]
[Date "2022.08.14"]
[Round "8.6"]
[White "Westlund, Tim"]
[Black "Mohammed, Safian Haj"]
[Result "0-1"]
[TimeControl "15 minutes + 5 seconds per move from move one (Round 1 - 4) / 90 minutes + 30 seconds per move from move one (Round 5 - 8)"]
[WhiteFideId "1754718"]
[BlackFideId "1729276"]
[WhiteElo "1760"]
[BlackElo "1794"]

1. e4 c5 2. Nf3 Nc6 3. Bb5 g6 4. Bxc6 dxc6 5. d3 Bg7 6. h3 Nf6 7. Nc3 Nd7 8. Be3 b6 9. Qd2 h6 10.
O-O Ba6 11. Nh2 e5 12. f4 exf4 13. Bxf4 g5 14. Be3 Qc7 15. Rf5 Bc8 16. Raf1 Ne5 17. R5f2 Be6 18. a3 O-O-O 19. Qe2 Ng6 20. Na4 Be5 21. Nf3 Bg3 22.
b4 Bxf2+ 23. Qxf2 Nf4 24. Bxf4 gxf4 25. bxc5 b5 26. Nb2 Rhg8 27. Kh1 Rg3 28. Kh2 Rdg8 29. Rg1 Qd7 30. Ne5 Qe7 31.
Qxf4 Qxc5 32. Ng4 R3xg4 33. hxg4 Rxg4 34. Qxh6 Qe5+ 35. g3 Qxb2 36. Qf8+ Kb7 37. Qe7+ Ka6 38. Qc5 Kb7 39. Qe7+ Ka6 40.
Qc5 Qh8+ 41. Kg2 Kb7 42. Qe7+ Kb6 43. a4 Qb8 44. Kf2 Qc7 45. a5+ Kb7 46. a6+ Kb8 47. Qf8+ Bc8 48. Kf3 Rg6 49.
Qh8 Qd6 50. e5 Qd5+ 51. Ke2 Re6 52. Kd2 Qxe5 53. Qxe5+ Rxe5 54. Rf1 Rf5 55. Re1 Bxa6 56. Re8+ Kc7 57. Re7+ Kb6 58. Kc3 Bc8 59.
g4 Rf3 60. g5 a5 61. Kb3 Rf5 62. c4 bxc4+ 63. dxc4 Rf3+ 64. Ka4 Rf5 65. Re3 Rxg5 66. Rf3 Be6 67. c5+ Rxc5 68. Rc3 Rc4+ 0-1

[Event "SS Manhem Chess Week 2022: Goteborg Open"]
[Site "Schackcentrum, Vegagatan 20, Gothenburg, Sweden"]
[Date "2022.08.14"]
[Round "8.8"]
[White "Eriksson, Joel"]
[Black "Josefsson, Ivar"]
[Result "1-0"]
[TimeControl "15 minutes + 5 seconds per move from move one (Round 1 - 4) / 90 minutes + 30 seconds per move from move one (Round 5 - 8)"]
[WhiteFideId "1729233"]
[BlackFideId "1766040"]
[WhiteElo "1949"]
[BlackElo "1565"]

1. e4 e5 2. Bc4 Nf6 3. d4 exd4 4. Nf3 Bb4+ 5. c3 dxc3 6. O-O O-O 7. e5 Ne4 8. a3 Be7 9. Bd5 Nc5 10.
Nxc3 d6 11. b4 Ne6 12. exd6 Bxd6 13. Ne4 Nc6 14. Bb2 Ne7 15. Ba2 Bf4 16. Qc2 c6 17. Rad1 Qc7 18. Bb1 Ng6 19. h4 f5 20.
Nc5 Nxc5 21. Qxc5 Be6 22. h5 Ne7 23. Rfe1 Rad8 24. Rxd8 Rxd8 25. Rxe6 Rd1+ 26. Re1 Qd7 27. Qc3 Rxe1+ 28. Qxe1 Nd5 29. g3 1-0

[Event "SS Manhem Chess Week 2022: Goteborg Open"]
[Site "Schackcentrum, Vegagatan 20, Gothenburg, Sweden"]
[Date "2022.08.14"]
[Round "8.9"]
[White "Johansson, Jan"]
[Black "Wickstrom, Lars"]
[Result "1/2-1/2"]
[TimeControl "15 minutes + 5 seconds per move from move one (Round 1 - 4) / 90 minutes + 30 seconds per move from move one (Round 5 - 8)"]
[WhiteFideId "1747568"]
[BlackFideId "1770837"]
[WhiteElo "1666"]
[BlackElo "1753"]

1. d4 d5 2. Bf4 Nf6 3. e3 c6 4. c3 Bf5 5. Qb3 Qb6 6. Nd2 Nbd7 7. c4 dxc4 8. Bxc4 e6 9. h3 Bb4 10.
Ngf3 Ne4 11. Rd1 Ndf6 12. a3 Be7 13. O-O h6 14. Rc1 O-O 15. Rfd1 c5 16. Nxe4 Bxe4 17. Qxb6 axb6 18. Nd2 Bc6 19.
Bf1 Nd5 20. Bg3 cxd4 21. exd4 b5 22. Ne4 b4 23. axb4 Bxb4 24. Ra1 Be7 25. Nc5 Rfd8 26. Be5 1/2-1/2

[Event "SS Manhem Chess Week 2022: Goteborg Open"]
[Site "Schackcentrum, Vegagatan 20, Gothenburg, Sweden"]
[Date "2022.08.14"]
[Round "8.10"]
[White "Sundin, Sven-Ingvar"]
[Black "Lindholm, Marcus"]
[Result "1/2-1/2"]
[TimeControl "15 minutes + 5 seconds per move from move one (Round 1 - 4) / 90 minutes + 30 seconds per move from move one (Round 5 - 8)"]
[WhiteFideId "1724517"]
[BlackFideId "1743473"]
[WhiteElo "1637"]
[BlackElo "1666"]

1. e4 c5 2. Nf3 e6 3. c3 d5 4. exd5 exd5 5. d4 Nf6 6. Be2 Nc6 7. O-O cxd4 8. Nxd4 Bc5 9. Be3 Qb6 10.
b4 Bxd4 11. Bxd4 Nxd4 12. Qxd4 Qxd4 13. cxd4 O-O 14. Nc3 Be6 15. f3 a6 16. b5 axb5 17. Nxb5 Ra4 18. Rfd1 Rfa8 19. Rd2 Nd7 20.
Bd1 R4a5 21. Nc3 R8a7 22. Bb3 Nb6 23. Re2 g6 24. Rae1 Nc4 25. g4 Ra8 1/2-1/2

[Event "SS Manhem Chess Week 2022: Goteborg Open"]
[Site "Schackcentrum, Vegagatan 20, Gothenburg, Sweden"]
[Date "2022.08.14"]
[Round "8.11"]
[White "Kosmidis, Thomas"]
[Black "Fransson, Lennart"]
[Result "1-0"]
[TimeControl "15 minutes + 5 seconds per move from move one (Round 1 - 4) / 90 minutes + 30 seconds per move from move one (Round 5 - 8)"]
[WhiteFideId "1753380"]
[BlackFideId "1706756"]
[WhiteElo "1673"]
[BlackElo "1958"]

1. d4 Nf6 2. Nf3 g6 3. g3 Bg7 4. Bg2 O-O 5. c4 c5 6. d5 d6 7. Nc3 Na6 8. e4 Bd7 9. O-O Nc7 10. e5 Nfe8 11. Re1 Rb8 12.
Bf4 b5 13. Ne4 Bf5 14. exd6 exd6 15. cxb5 Rxb5 16. Rb1 Rxb2 17. Rxb2 Bxb2 18. Qb3 Bg7 19. Nfd2 Bxe4 20. Nxe4 h6 21.
h4 Kh7 22. Qb7 f5 23. Nd2 g5 24. hxg5 hxg5 25. Be3 f4 26. gxf4 gxf4 27. Bxc5 dxc5 28. Qb3 Nd6 29. Ne4 c4 30.
Qh3+ Kg8 31. Nc5 Rf6 32. Ne6 Qe7 33. Rb1 Nxe6 34. dxe6 Rf8 35. Re1 c3 36. Bd5 c2 37. Bb3 Rc8 38.
Rc1 Qg5+ 39. Kh2 f3 1-0

[Event "SS Manhem Chess Week 2022: Goteborg Open"]
[Site "Schackcentrum, Vegagatan 20, Gothenburg, Sweden"]
[Date "2022.08.14"]
[Round "8.12"]
[White "Imani Lasaki, Hamed"]
[Black "Eldh, Hjalmar"]
[Result "0-1"]
[TimeControl "15 minutes + 5 seconds per move from move one (Round 1 - 4) / 90 minutes + 30 seconds per move from move one (Round 5 - 8)"]
[WhiteFideId "1766970"]
[BlackFideId "1767968"]
[WhiteElo "1577"]
[BlackElo "1711"]

1. d4 Nf6 2. c4 g6 3. Nc3 d5 4. Bg5 Bg7 5. Bxf6 Bxf6 6. Nxd5 Bg7 7. e3 c5 8. Nf3 Nc6 9. Qa4 O-O 10.
dxc5 Bxb2 11. Rd1 Bg4 12. Nf6+ Bxf6 13. Rxd8 Rfxd8 14. Qb3 a5 15. Be2 Nb4 16. O-O Bf5 17. Rd1 Bc2 18. Rxd8+ Rxd8 19.
Qa3 Bd1 20. Qxa5 Nc6 21. Qe1 Ba4 22. Qb1 Rd7 23. g3 e5 24. Ne1 Nd8 25. Nd3 e4 26. Nb2 Bc6 27. Qc2 h5 28. Na4 Ne6 29.
Nb6 Rd8 30. Nd5 Bxd5 31. cxd5 Rxd5 32. Qxe4 Rxc5 33. Qxb7 h4 34. Kg2 Ng5 35. gxh4 Ne6 36. Bg4 Nd8 37. Qa7 Rc2 38. Kg3 Nc6 39.
Qa8+ Kg7 40. h5 Ne5 41. Qa4 Rc4 42. Qd1 Rxg4+ 43. Qxg4 Nxg4 44. Kxg4 g5 45. a4 Bd8 46. f4 gxf4 47.
exf4 Kf6 48. f5 Kg7 49. h3 Kh6 50. h4 f6 51. Kf4 Kxh5 52. Ke4 Kxh4 53. Kd5 Kg5 54. Ke6 Ba5 55. Kd5 Kxf5 56.
Kc6 Ke4 57. Kb5 Bd2 58. a5 Bxa5 59. Kxa5 f5 60. Kb4 f4 61. Kc3 Ke3 0-1

[Event "SS Manhem Chess Week 2022: Goteborg Open"]
[Site "Schackcentrum, Vegagatan 20, Gothenburg, Sweden"]
[Date "2022.08.14"]
[Round "8.13"]
[White "Karlsson, Stefan"]
[Black "Shchetinin, Oleg"]
[Result "1-0"]
[TimeControl "15 minutes + 5 seconds per move from move one (Round 1 - 4) / 90 minutes + 30 seconds per move from move one (Round 5 - 8)"]
[WhiteFideId "1771183"]
[BlackFideId "1740210"]
[WhiteElo "1560"]
[BlackElo "1643"]

1. e4 Nf6 2. e5 Nd5 3. c4 Nb6 4. d4 d6 5. f4 dxe5 6. fxe5 Nc6 7. Be3 Bf5 8. Nc3 e6 9. g4 Bg6 10.
Nf3 Bb4 11. Bd3 Bxd3 12. Qxd3 Qe7 13. O-O-O O-O-O 14. Ne4 h6 15. g5 Na5 16. c5 Nbc4 17. a3 Nxe3 18. Qxe3 Bxc5 19. Nxc5 hxg5 20.
Qxg5 f6 21. Qg4 f5 22. Qg5 Qf7 23. Rhg1 b6 24. Na6 Rhg8 25. Kb1 Qd7 26. Rc1 Nc6 27. b4 Qd5 28. Rc3 Qe4+ 29. Kb2 Qe2+ 30.
Qd2 Qxa6 31. Rxc6 Qb5 32. Rgc1 Qd5 33. Rxc7+ Kb8 34. Qd3 Rd7 35. Qc3 Rxc7 36. Qxc7+ Ka8 37. Qc6+ Kb8 38. Qxd5 exd5 39.
h4 Kb7 40. Rg1 Kc6 41. Rg6+ Kd7 42. Rd6+ Ke7 43. Rxd5 1-0

[Event "SS Manhem Chess Week 2022: Goteborg Open"]
[Site "Schackcentrum, Vegagatan 20, Gothenburg, Sweden"]
[Date "2022.08.14"]
[Round "8.15"]
[White "Persson, Sebastian"]
[Black "Stedman, Theodor"]
[Result "1-0"]
[TimeControl "15 minutes + 5 seconds per move from move one (Round 1 - 4) / 90 minutes + 30 seconds per move from move one (Round 5 - 8)"]
[WhiteFideId "1764187"]
[BlackFideId "1756230"]
[WhiteElo "1631"]
[BlackElo "1474"]

1. d4 d5 2. c4 c6 3. Nf3 e6 4. Nc3 dxc4 5. e3 b5 6. a4 Bb4 7. Ne5 Bd7 8. axb5 cxb5 9. Qf3 f6 10.
Qxa8 fxe5 11. dxe5 Bc5 12. Qf3 Nc6 13. Be2 Nge7 14. O-O Nf5 15. Qh3 O-O 16. Ne4 Be7 17. f4 Nb4 18. Rd1 Nd5 19.
g4 Nh4 20. g5 Nf5 21. Bd2 Qb6 22. Kf2 Nxf4 23. Qg4 Nxe3 24. Bxe3 Nd5+ 25. Nf6+ Rxf6+ 26. gxf6 Qxe3+ 27. Kf1 Qh6 28.
Rxd5 exd5 29. fxe7 Qxh2 30. Qe6+ 1-0

[Event "SS Manhem Chess Week 2022: Goteborg Open"]
[Site "Schackcentrum, Vegagatan 20, Gothenburg, Sweden"]
[Date "2022.08.14"]
[Round "8.17"]
[White "Torres, Lucas"]
[Black "Ghaderi, Noan"]
[Result "1/2-1/2"]
[TimeControl "15 minutes + 5 seconds per move from move one (Round 1 - 4) / 90 minutes + 30 seconds per move from move one (Round 5 - 8)"]
[WhiteFideId "1769464"]
[BlackFideId "1747096"]
[WhiteElo "1331"]
[BlackElo "1367"]

1. e4 c6 2. d4 d5 3. Nc3 dxe4 4. Nxe4 Bf5 5. Ng3 Bg6 6. Nf3 e6 7. h4 h6 8. h5 Bh7 9. Bd3 Bxd3 10.
Qxd3 Nf6 11. Be3 Bd6 12. O-O-O Bxg3 13. fxg3 Nbd7 14. a3 Ng4 15. Rhf1 Qe7 16. Bf4 O-O-O 17. Qc3 Nb6 18. Rfe1 Nd5 19. Qa5 Nxf4 20. gxf4 a6 21. Ne5 Nxe5 22. Qxe5 Qf6 23. Rd2 Rd5 24.
Qxf6 gxf6 25. g4 Rg8 26. Rg1 Rxh5 27. Rdg2 Rd5 28. c3 Kd7 29. Rh1 h5 30. Rh4 f5 31. g5 1/2-1/2

[Event "SS Manhem Chess Week 2022: Goteborg Open"]
[Site "Schackcentrum, Vegagatan 20, Gothenburg, Sweden"]
[Date "2022.08.14"]
[Round "8.19"]
[White "Ghaderi, Jamal"]
[Black "Jonbrink, Per-Olof"]
[Result "0-1"]
[TimeControl "15 minutes + 5 seconds per move from move one (Round 1 - 4) / 90 minutes + 30 seconds per move from move one (Round 5 - 8)"]
[WhiteFideId "1744178"]
[BlackFideId "1720163"]
[WhiteElo "1411"]
[BlackElo "1728"]

1. d4 Nf6 2. Nf3 e6 3. Bf4 d5 4. c3 Bd6 5. Bxd6 Qxd6 6. e3 Nbd7 7. Bd3 O-O 8. O-O c6 9. Nbd2 e5 10.
dxe5 Nxe5 11. Qc2 Nxd3 12. Qxd3 Qe7 13. Rfe1 Ne4 14. Qd4 Bf5 15. Nxe4 dxe4 16. Qe5 Qxe5 17. Nxe5 Be6 18. f3 f6 19.
Ng4 Rfd8 20. Nf2 exf3 21. gxf3 Rd2 22. b3 Bf5 23. e4 Be6 24. e5 f5 25. Red1 Rad8 26. c4 f4 27. Rxd2 Rxd2 28. Ne4 Rc2 29. Nc5 Bc8 30. Rd1 Bh3 31. e6 Kf8 32. Rd8+ Ke7 33. Rd7+ Kf6 34.
Rf7+ Kg6 35. Rxf4 Rg2+ 36. Kh1 Rxa2 37. Kg1 Rg2+ 38. Kh1 Rf2 39. Kg1 Rf1# 40. Kh1 Rf2 41. Rg4+ Bxg4 42. fxg4 b6 0-1